 Dungeon Crawl Stone Soup version 0.19-a0-1608-g4cf22de (webtiles) character file.

16 jacquesderrida the Charmwright (level 2, -1/15 HPs)
             Began as a Vine Stalker Skald on Sept 17, 2016.
             Killed by nerve-wracking pain
             ... invoked by Jessica
              (6 damage)
             ... on level 3 of the Dungeon.
             The game lasted 00:01:58 (601 turns).

jacquesderrida the Charmwright (Vine Stalker Skald)  Turns: 601, Time: 00:01:59

Health: -1/15      AC:  5    Str: 14    XL:     2   Next: 58%
Magic:  0/6        EV: 10    Int: 12    God:
Gold:   18         SH:  0    Dex: 13    Spells: 1 memorised, 4 levels left

rFire  . . .     SeeInvis .     a - +0 falchion
rCold  . . .     Gourm    .     m - +0 ring mail
rNeg   . . .     Faith    .     (no shield)
rPois  +         Spirit   +     (no helmet)
rElec  .         Dismiss  .     (no cloak)
rCorr  .         Reflect  .     (no gloves)
MR     .....     Harm     .     (no boots)
Stlth  +.........               f - amulet of regeneration
                                (no ring)
                                h - ring of poison resistance

@: no status effects
A: fangs 2, magic shield, antimagic bite, no device heal 3, rot immunity
a: no special abilities


You were on level 3 of the Dungeon.
You were not hungry.

You visited 1 branch of the dungeon, and saw 3 of its levels.

You collected 18 gold pieces.

Inventory:

Hand Weapons
 a - a +0 falchion (weapon)
Armour
 b - a +0 leather armour
 m - a +0 ring mail (worn)
Jewellery
 f - an amulet of regeneration (around neck)
 h - a ring of poison resistance (left hand)
Scrolls
 g - 2 scrolls of identify {unknown}
 i - a scroll of blinking {unknown}
 j - a scroll of random uselessness {unknown}
Potions
 e - a potion of agility {unknown}
 l - a potion of brilliance {unknown}
Books
 c - a book of Battle

   Spells                             Type                      Level
   a - Infusion                       Charms                       1
   b - Shroud of Golubria             Charms/Translocation         2
   c - Song of Slaying                Charms                       2
   d - Spectral Weapon                Hexes/Charms                 3
   e - Regeneration                   Charms/Necromancy            3
 k - a book of Beasts

   Spells                             Type                      Level
   a - Summon Butterflies             Summoning                    1
   b - Call Canine Familiar           Summoning                    3
   c - Summon Ice Beast               Ice/Summoning                4
   d - Summon Mana Viper              Hexes/Summoning              5
   e - Summon Hydra                   Summoning                    7
Comestibles
 d - 2 bread rations


   Skills:
 - Level 1.7 Fighting
 + Level 2.8 Long Blades
 - Level 0.7 Armour
 - Level 0.7 Dodging
 - Level 2.1 Spellcasting
 - Level 3.0 Charms


You had 4 spell levels left.
You knew the following spells:

 Your Spells              Type           Power        Failure   Level  Hunger
a - Infusion              Chrm           #...         17%         1    ##.....


Dungeon Overview and Level Annotations

Branches:
Dungeon (3/15)

Altars:

Annotations:
D:3 Jessica, Natasha, Sigmund


Innate Abilities, Weirdness & Mutations

You have extremely sharp teeth.
When hurt, damage is shared between your health and your magic reserves.
Your bite disrupts and absorbs the magic of your enemies.
Potions and wands cannot restore your health.
You are immune to rotting.


Message History

The orc hits you with a hand axe.
Jessica points at you and mumbles some strange words.
Pain shoots through your body!
You hit Natasha. You bite Natasha, but do no damage.
Natasha is almost dead.
Natasha claws you. The orc barely misses you.
You riposte.
You hit the orc but do no damage. You bite the orc, but do no damage.
Natasha completely misses you.
Unknown command.
You hit Natasha.
Natasha is almost dead.
The orc hits you with a hand axe.
* * * LOW HITPOINT WARNING * * *
Jessica closely misses you.
Natasha falters for a moment.
Unknown command.
You barely miss Natasha.
Natasha is almost dead.
Jessica gestures at you while chanting. Pain shoots through your body!
You die...

##.....# ##.....##
#.....# ##.......##
##.....# #.........#
##....... +.........+
.........
#......!..##.###.....
#..5....# #. #......
#.@h..# #...... #@o.#
#. #...... ##'##
#.###..(..
#.######.........
###.......###.##...
#####......##.#
#.#####
#..........##.# #.#
#.###......##.###.#
#.............#
#.#.#)###.#####


You could see Natasha, a crimson imp, Jessica and an orc.

Vanquished Creatures
  A dart slug (D:3)
  An orc (D:3)
  A ball python (D:1)
  2 bats (D:2)
  A giant cockroach (D:2)
  A goblin (D:2)
  2 hobgoblins
  3 kobolds
12 creatures vanquished.

Notes
Turn   | Place    | Note
-------+----------+-------------------------------------------
     0 | D:1      | jacquesderrida the Vine Stalker Skald began the quest for the Orb.
     0 | D:1      | Reached XP level 1. HP: 11/11 MP: 4/4
   370 | D:2      | Reached XP level 2. HP: 15/15 MP: 6/6
   447 | D:3      | Noticed Sigmund
   589 | D:3      | Noticed Natasha
   589 | D:3      | Noticed Jessica
   594 | D:3      | Noticed a crimson imp
   601 | D:3      | Killed from afar by Jessica

Vault maps used:
D:1:      dpeg_arrival_shrine
D:2:      first_bread, nrook_loot_triangle, minmay_pentomino_q4
D:3:      marbit_many_paths, uniq_natasha, uniq_sigmund, uniq_jessica

Skill      XL: |  1 |
---------------+----+-----
Long Blades    | 2 |  2.8
Fighting       | |  1.7
Armour         | |  0.7
Dodging        | |  0.7
Spellcasting   | |  2.1
Charms         | |  3.0

Action                   || total
-------------------------++-------
Melee: Falchion          ||    61
       Bite              ||    15
Armor: Leather armour    ||    11
Dodge: Dodged            ||    35
